EL
CHATTANOOGA LOOKOUTS @ TRENTON THUNDER
08/06/2049
 
TOP OF THE 1ST
Chattanooga Lookouts batting - Pitching for Trenton Thunder : RHP George Rosario
Pitching: RHP George Rosario
Batting: LHB Marshall Daul 0-0: Called Strike
0-1: Ball
1-1: Ball
2-1: Fly out, F5 (Popup, 5SF, EV 76.2 MPH)
Batting: RHB Manuel Juarez 0-0: Called Strike
0-1: Called Strike
0-2: Ball
1-2: Strikes out swinging
Batting: LHB Shaun Price 0-0: Ground out 4-3 (Groundball, 4, EV 88.1 MPH)
Top of the 1st over - 0 runs, 0 hits, 0 errors, 0 left on base; Chattanooga 0 - Trenton 0
BOTTOM OF THE 1ST
Trenton Thunder batting - Pitching for Chattanooga Lookouts : LHP Ryan Rakoff
Pitching: LHP Ryan Rakoff
Batting: RHB Jonathan Iniguez 0-0: Called Strike
0-1: Ball
1-1: Ball
2-1: Fly out, F8 (Line Drive, 8RM, EV 91.9 MPH)
Batting: RHB Phil Reeves 0-0: Foul Ball, location: 2F
0-1: Swinging Strike
0-2: Ball
1-2: Foul Ball, location: 2F
1-2: Foul Ball, location: 2F
1-2: Ball
2-2: Strikes out swinging
Batting: SHB Corey Penson 0-0: DOUBLE (Groundball, 5L, EV 100.6 MPH)
Batting: LHB Jared Zulkowski 0-0: Foul Ball, location: 2F
0-1: Ball
1-1: Ball
2-1: Ground out U3 (Groundball, 34S, EV 86.9 MPH)
Bottom of the 1st over - 0 runs, 1 hit, 0 errors, 1 left on base; Chattanooga 0 - Trenton 0
TOP OF THE 2ND
Chattanooga Lookouts batting - Pitching for Trenton Thunder : RHP George Rosario
Batting: LHB Kuemon Shishido 0-0: Called Strike
0-1: Foul Ball, location: 2F
0-2: Ball
1-2: SOLO HOME RUN (Flyball, 7D, EV 100.0 MPH), Distance : 407 ft
Batting: SHB Matt Urbani 0-0: Foul Ball, location: 2F
0-1: Swinging Strike
0-2: Ball
1-2: Strikes out swinging
Batting: LHB Jayden Thomas 0-0: Ball
1-0: Ball
2-0: Ball
3-0: Base on Balls
Batting: RHB Michael McDonald 0-0: Ball
Jayden Thomas is caught stealing 2nd base 2-4
1-0: Hit by Pitch
Batting: LHB Brian Wagner 0-0: Called Strike
0-1: Ball
1-1: Ball
2-1: Fielders Choice at 2nd, 5-4 (Groundball, 6, EV 78.8 MPH)
Top of the 2nd over - 1 run, 1 hit, 0 errors, 1 left on base; Chattanooga 1 - Trenton 0
BOTTOM OF THE 2ND
Trenton Thunder batting - Pitching for Chattanooga Lookouts : LHP Ryan Rakoff
Batting: RHB Javier Umanzor 0-0: Foul Ball, location: 2F
0-1: Ball
1-1: Foul Ball, location: 2F
1-2: Strikes out swinging
Batting: LHB Steve LeGrand 0-0: Ball
1-0: Ground out 2-3 (Groundball, 2L, EV 65.6 MPH)
Batting: RHB Christian Shearer 0-0: Ball
1-0: Fly out, F7 (Flyball, 7LD, EV 101.9 MPH)
Bottom of the 2nd over - 0 runs, 0 hits, 0 errors, 0 left on base; Chattanooga 1 - Trenton 0
TOP OF THE 3RD
Chattanooga Lookouts batting - Pitching for Trenton Thunder : RHP George Rosario
Batting: RHB David Nardone 0-0: Ball
1-0: Ball
2-0: Ball
3-0: Called Strike
3-1: Base on Balls
Batting: LHB Marshall Daul 0-0: Ball
1-0: Ball
2-0: Ball
3-0: Base on Balls
David Nardone to second
Batting: RHB Manuel Juarez 0-0: Ball
David Nardone steals 3rd base
Marshall Daul to second
1-0: Called Strike
1-1: Fly out, F9 (Flyball, 9, EV 90.6 MPH)
Batting: LHB Shaun Price 0-0: Ball
1-0: Called Strike
1-1: Fly out, F8 (Flyball, 8RD, EV 107.5 MPH)
Runner from 3rd tags up, SCORES, throw by CF
Marshall Daul to third
Batting: LHB Kuemon Shishido 0-0: Ball
1-0: Ball
2-0: Ball
3-0: Base on Balls
Batting: SHB Matt Urbani 0-0: Called Strike
0-1: Ball
1-1: Ball
2-1: Ball
3-1: Foul Ball, location: 2F
3-2: Ground out 4-3 (Groundball, 34, EV 89.4 MPH)
Top of the 3rd over - 1 run, 0 hits, 0 errors, 2 left on base; Chattanooga 2 - Trenton 0
BOTTOM OF THE 3RD
Trenton Thunder batting - Pitching for Chattanooga Lookouts : LHP Ryan Rakoff
Batting: RHB Elmar Adenauer 0-0: Reached on error, E6 (Groundball, 6, EV 84.4 MPH)
Batting: SHB Houston Phillips 0-0: Ball
1-0: Called Strike
1-1: Fly out, F1 (Line Drive, P, EV 73.8 MPH)
Batting: RHB Jonathan Iniguez 0-0: Reached on error, E6 (Groundball, 6, EV 103.8 MPH)
Elmar Adenauer scores
Batting: RHB Phil Reeves 0-0: Ground out 5-3 (Groundball, 5, EV 96.9 MPH)
Batting: SHB Corey Penson 0-0: Ball
1-0: Fly out, F7 (Line Drive, 7LM, EV 90.0 MPH)
Bottom of the 3rd over - 1 run, 0 hits, 2 errors, 1 left on base; Chattanooga 2 - Trenton 1
TOP OF THE 4TH
Chattanooga Lookouts batting - Pitching for Trenton Thunder : RHP George Rosario
Batting: LHB Jayden Thomas 0-0: Ball
1-0: Fly out, F7 (Line Drive, 78S, EV 91.9 MPH)
Batting: RHB Michael McDonald 0-0: Called Strike
0-1: Ball
1-1: Ball
2-1: Swinging Strike
2-2: Ball
3-2: Fly out, F8 (Flyball, 78S, EV 81.2 MPH)
Batting: LHB Brian Wagner 0-0: Called Strike
0-1: Ball
1-1: Ball
2-1: Foul Ball, location: 2F
2-2: Ground out 4-3 (Groundball, 4, EV 80.6 MPH)
Top of the 4th over - 0 runs, 0 hits, 0 errors, 0 left on base; Chattanooga 2 - Trenton 1
BOTTOM OF THE 4TH
Trenton Thunder batting - Pitching for Chattanooga Lookouts : LHP Ryan Rakoff
Batting: LHB Jared Zulkowski 0-0: Ball
1-0: Foul Ball, location: 2F
1-1: Ground out 4-3 (Groundball, 4, EV 86.2 MPH)
Batting: RHB Javier Umanzor 0-0: Ball
1-0: Called Strike
1-1: Called Strike
1-2: Strikes out looking
Batting: LHB Steve LeGrand 0-0: Foul Ball, location: 2F
0-1: Ball
1-1: SINGLE (Groundball, 4S, EV 66.9 MPH) (infield hit)
Batting: RHB Christian Shearer 0-0: Called Strike
0-1: Called Strike
0-2: Ball
1-2: Ball
Pickoff Throw to First - Out! 1-3 CS
Bottom of the 4th over - 0 runs, 1 hit, 0 errors, 0 left on base; Chattanooga 2 - Trenton 1
TOP OF THE 5TH
Chattanooga Lookouts batting - Pitching for Trenton Thunder : RHP George Rosario
Batting: RHB David Nardone 0-0: Ground out U3 (Groundball, 34, EV 88.1 MPH)
Batting: LHB Marshall Daul 0-0: Called Strike
0-1: Called Strike
0-2: Ball
1-2: Strikes out swinging
Batting: RHB Manuel Juarez 0-0: Ball
1-0: Ball
2-0: Foul Ball, location: 2F
2-1: Called Strike
2-2: Foul Ball, location: 2F
2-2: Ball
3-2: Foul Ball, location: 2F
3-2: Fly out, F8 (Flyball, 8RM, EV 81.9 MPH)
Top of the 5th over - 0 runs, 0 hits, 0 errors, 0 left on base; Chattanooga 2 - Trenton 1
BOTTOM OF THE 5TH
Trenton Thunder batting - Pitching for Chattanooga Lookouts : LHP Ryan Rakoff
Batting: RHB Christian Shearer 0-0: Ball
1-0: Ball
2-0: Called Strike
2-1: Ball
3-1: Ground out 5-3 (Groundball, 56, EV 86.9 MPH)
Batting: RHB Elmar Adenauer 0-0: Ball
1-0: Swinging Strike
1-1: Ball
2-1: Ball
3-1: Foul Ball, location: 2F
3-2: Base on Balls
Batting: SHB Houston Phillips 0-0: Swinging Strike
0-1: Ball
1-1: Foul Ball, location: 2F
1-2: Ball
2-2: Strikes out swinging
Batting: RHB Jonathan Iniguez 0-0: Ball
1-0: SINGLE (Groundball, 4S, EV 97.5 MPH)
Elmar Adenauer to second
Runner from 2nd tries for 3rd, SAFE, throw by RF made to third
Jonathan Iniguez to second
Batting: RHB Phil Reeves 0-0: Called Strike
0-1: Ground out 5-3 (Groundball, 5L, EV 83.8 MPH)
Bottom of the 5th over - 0 runs, 1 hit, 0 errors, 2 left on base; Chattanooga 2 - Trenton 1
TOP OF THE 6TH
Chattanooga Lookouts batting - Pitching for Trenton Thunder : RHP George Rosario
Batting: LHB Shaun Price 0-0: Ball
1-0: Fly out, F8 (Flyball, 8RD, EV 101.2 MPH)
Batting: LHB Kuemon Shishido 0-0: Foul Ball, location: 2F
0-1: Ball
1-1: Fly out, F8 (Line Drive, 8RM, EV 108.8 MPH)
Batting: SHB Matt Urbani 0-0: Ball
1-0: Foul Ball, location: 2F
1-1: Ball
2-1: Called Strike
2-2: Strikes out looking
Top of the 6th over - 0 runs, 0 hits, 0 errors, 0 left on base; Chattanooga 2 - Trenton 1
BOTTOM OF THE 6TH
Trenton Thunder batting - Pitching for Chattanooga Lookouts : LHP Ryan Rakoff
Batting: SHB Corey Penson 0-0: Ball
1-0: Called Strike
1-1: Ball
2-1: Foul Ball, location: 2F
2-2: Strikes out swinging
Batting: LHB Jared Zulkowski 0-0: Foul Ball, location: 2F
0-1: Called Strike
0-2: Foul Ball, location: 2F
0-2: Strikes out looking
Batting: RHB Javier Umanzor 0-0: Ball
1-0: Ball
2-0: Foul Ball, location: 2F
2-1: Ball
3-1: Foul Ball, location: 2F
3-2: Strikes out looking
Bottom of the 6th over - 0 runs, 0 hits, 0 errors, 0 left on base; Chattanooga 2 - Trenton 1
TOP OF THE 7TH
Chattanooga Lookouts batting - Pitching for Trenton Thunder : RHP George Rosario
Batting: LHB Jayden Thomas 0-0: Ball
1-0: Foul Ball, location: 2F
1-1: Called Strike
1-2: Strikes out looking
Batting: RHB Michael McDonald 0-0: Ball
1-0: Called Strike
1-1: Foul Ball, location: 2F
1-2: Strikes out swinging
Batting: LHB Brian Wagner 0-0: Foul Ball, location: 2F
0-1: Foul Ball, location: 2F
0-2: Ground out 4-3 (Groundball, 4, EV 101.2 MPH)
Top of the 7th over - 0 runs, 0 hits, 0 errors, 0 left on base; Chattanooga 2 - Trenton 1
BOTTOM OF THE 7TH
Trenton Thunder batting - Pitching for Chattanooga Lookouts : LHP Ryan Rakoff
Batting: LHB Steve LeGrand 0-0: Called Strike
0-1: Foul Ball, location: 2F
0-2: Ball
1-2: Ground out U3 (Groundball, 34, EV 101.9 MPH)
Batting: RHB Christian Shearer 0-0: Ground out 6-3 (Groundball, 6, EV 90.0 MPH)
Batting: RHB Elmar Adenauer 0-0: SINGLE (Groundball, 56D, EV 96.2 MPH)
Batting: SHB Houston Phillips 0-0: Ball
1-0: Called Strike
1-1: Ball
2-1: Fielders Choice at 2nd, 5-4 (Groundball, 56, EV 90.6 MPH)
Bottom of the 7th over - 0 runs, 1 hit, 0 errors, 1 left on base; Chattanooga 2 - Trenton 1
TOP OF THE 8TH
Chattanooga Lookouts batting - Pitching for Trenton Thunder : RHP George Rosario
Pitching: RHP David Durr
Batting: RHB David Nardone 0-0: Ball
1-0: Foul Ball, location: 2F
1-1: Ball
2-1: Foul Ball, location: 2F
2-2: Ground out 4-3 (Groundball, 4, EV 87.5 MPH)
Batting: LHB Marshall Daul 0-0: Ball
1-0: Ball
2-0: Ball
3-0: Base on Balls
Batting: RHB Manuel Juarez 0-0: Called Strike
Marshall Daul steals 2nd base (no throw)
0-1: Foul Ball, location: 2F
0-2: Strikes out swinging
Batting: LHB Shaun Price 0-0: Called Strike
0-1: Foul Ball, location: 2F
0-2: SINGLE (Groundball, 34D, EV 110.0 MPH)
Marshall Daul to third
Runner from 3rd tries for Home, SAFE, throw by RF to home
Pitching: LHP Jon Moore
Batting: LHB Kuemon Shishido 0-0: Ball
1-0: Ball
2-0: Foul Ball, location: 2F
2-1: SINGLE (Groundball, 4D, EV 94.4 MPH)
Shaun Price to second
Runner from 2nd tries for 3rd, SAFE, throw by CF made to third
Batting: SHB Matt Urbani 0-0: Ball
1-0: Called Strike
1-1: Foul Ball, location: 2F
1-2: Fly out, F9 (Flyball, 9D, EV 84.4 MPH)
Top of the 8th over - 1 run, 2 hits, 0 errors, 2 left on base; Chattanooga 3 - Trenton 1
BOTTOM OF THE 8TH
Trenton Thunder batting - Pitching for Chattanooga Lookouts : LHP Ryan Rakoff
Batting: RHB Jonathan Iniguez 0-0: Hit by Pitch
Batting: RHB Phil Reeves 0-0: Swinging Strike
0-1: Foul Ball, location: 2F
0-2: Ball
1-2: Fielders Choice at 2nd, 6-4 (Groundball, 6M, EV 81.9 MPH)
Batting: SHB Corey Penson 0-0: Fly out, F7 (Flyball, 7LM, EV 91.9 MPH)
Batting: LHB Jared Zulkowski 0-0: Foul Ball, location: 2F
0-1: SINGLE (Groundball, 34D, EV 105.0 MPH)
Phil Reeves to second
Runner from 2nd tries for 3rd, SAFE, throw by RF made to third
Batting: RHB Javier Umanzor 0-0: Called Strike
0-1: Ball
1-1: Foul Ball, location: 2F
1-2: Strikes out swinging
Bottom of the 8th over - 0 runs, 1 hit, 0 errors, 2 left on base; Chattanooga 3 - Trenton 1
TOP OF THE 9TH
Chattanooga Lookouts batting - Pitching for Trenton Thunder : LHP Jon Moore
Pitching: RHP Ken Howington
Batting: LHB Jayden Thomas 0-0: Called Strike
0-1: Foul Ball, location: 2F
0-2: Strikes out looking
Batting: RHB Michael McDonald 0-0: Ball
1-0: Fly out, F9 (Flyball, 9S, EV 83.1 MPH)
Batting: LHB Brian Wagner 0-0: Called Strike
0-1: Ground out 6-3 (Groundball, 6, EV 100.0 MPH)
Top of the 9th over - 0 runs, 0 hits, 0 errors, 0 left on base; Chattanooga 3 - Trenton 1
BOTTOM OF THE 9TH
Trenton Thunder batting - Pitching for Chattanooga Lookouts : LHP Ryan Rakoff
Pitching: RHP Tom Aagaard
Batting: LHB Steve LeGrand 0-0: Ball
1-0: Called Strike
1-1: Foul Ball, location: 2F
1-2: Foul Ball, location: 2F
1-2: SINGLE (Groundball, 34S, EV 69.4 MPH) (infield hit)
Pinch Hitting: SHB David Stewart 0-0: Called Strike
0-1: Ball
1-1: Ball
2-1: Ball
3-1: Foul Ball, location: 2F
3-2: SINGLE (Groundball, 6MD, EV 101.9 MPH)
Steve LeGrand to second
Pinch Runner at 2nd Roberto Tena:
Batting: RHB Elmar Adenauer 0-0: Bunt missed!
0-1: Bunt missed!
0-2: Fly out, F4 (Popup, 13, EV 38.8 MPH)
Batting: SHB Houston Phillips 0-0: Ball
1-0: Fielders Choice at 2nd, 5-4 (Groundball, 56S, EV 83.1 MPH)
Roberto Tena to third
Pinch Hitting: LHB Justin O'Neal 0-0: 3-RUN HOME RUN (Flyball, 9D, EV 101.9 MPH), Distance : 413 ft
Bottom of the 9th over - 3 runs, 3 hits, 0 errors, 0 left on base; Chattanooga 3 - Trenton 4
Sunday, July 16th , 2023 - OOTP Baseball 24.6 Build 69